 Dungeon Crawl Stone Soup version 0.18-a0-1628-g61c6396 (webtiles) character file.

213 dohliylev the Covert (level 5, 0/38 HPs)
             Began as a Vampire Assassin on Mar 25, 2016.
             Was a Believer of Dithmenos.
             Slain by an iguana (10 damage)
             ... on level 4 of the Dungeon.
             The game lasted 00:15:44 (2367 turns).

dohliylev the Covert (Vampire Assassin)             Turns: 2367, Time: 00:15:45

Health: 0/38       AC:  3    Str: 10    XL:     5   Next: 59%
Magic:  5/5        EV: 13    Int: 13    God:    Dithmenos [**....]
Gold:   187        SH:  0    Dex: 17    Spells: 0 memorised, 4 levels left

rFire  . . .     SeeInvis +     a - +2 dagger
rCold  . . .     Gourm    .     c - +0 robe
rNeg   + . .     Faith    .     (no shield)
rPois  .         Spirit   .     (no helmet)
rElec  .         Dismiss  .     i - +0 cloak
rCorr  .         Reflect  .     (no gloves)
SustAt .         Harm     .     (no boots)
MR     .....                    (no amulet)
Stlth  ++++++....               (no ring)
                                (no ring)

@: wreathed by umbra, not resistant to hostile enchantments, very stealthy
A: fangs 3, see invisible, unbreathing
a: Bat Form, Shadow Step, Renounce Religion


You were on level 4 of the Dungeon.
You worshipped Dithmenos.
Dithmenos was pleased with you.
You were not thirsty.

You visited 1 branch of the dungeon, and saw 4 of its levels.

You collected 187 gold pieces.

Inventory:

Hand Weapons
 a - a +2 dagger (weapon)
 b - a +0 blowgun
Missiles
 e - 20 poisoned needles
 f - 2 curare-tipped needles
Armour
 c - a +0 robe (worn)
 i - a +0 cloak (worn)
Jewellery
 t - an uncursed ring of positive energy {unknown}
Scrolls
 d - 6 scrolls of identify {unknown}
 h - a scroll of enchant weapon {unknown}
 j - a scroll of remove curse {unknown}
 l - 2 scrolls of blinking {unknown}
 n - 2 scrolls of teleportation {unknown}
 p - a scroll of immolation {unknown}
 q - a scroll of fear {unknown}
 r - a scroll of magic mapping {unknown}
 s - a scroll of amnesia {unknown}
Potions
 g - 27 potions of blood
 k - a potion of invisibility {unknown}
 m - a potion of resistance {unknown}
 o - a potion of heal wounds {unknown}


   Skills:
 + Level 2.2 Fighting
 + Level 2.5 Short Blades
 * Level 1.9 Throwing
 + Level 2.1 Dodging
 + Level 9.4 Stealth


You had 4 spell levels left.
You didn't know any spells.

Dungeon Overview and Level Annotations

Branches:
Dungeon (4/15)             Temple (0/1) D:4

Altars:
Dithmenos
Trog
Yredelemnul


Innate Abilities, Weirdness & Mutations

You have razor-sharp teeth.
You have supernaturally acute eyesight.
You can survive without breathing.


Message History

You hit the iguana.
The iguana is severely wounded.
The iguana bites you.
* * * LOW HITPOINT WARNING * * *
You hit the iguana but do no damage.
The iguana is severely wounded.
The iguana barely misses you.
You hit the iguana but do no damage. You bite the iguana.
The iguana is almost dead.
The iguana closely misses you.
You hit the iguana but do no damage.
The iguana is almost dead.
The iguana closely misses you.
You hit the iguana but do no damage.
The iguana is almost dead.
The iguana completely misses you.
You hit the iguana but do no damage.
The iguana is almost dead.
The iguana bites you!
You die...

#.........# ..
+.........# .
#.........#
#.......### #.......#
#.......# #.......#
#.......# +....l@.# ..
#.......############..
#####................#
#................#
#................#
#................#
#.....(..........#
#................#+
######'######........


You could see an iguana.

Vanquished Creatures
  A hound (D:3)
  An orc priest (D:3)
  2 orc wizards (D:3)
  4 adders
  An ooze (D:1)
  A worm (D:3)
  A dart slug (D:3)
  2 orcs (D:3)
  8 bats
  3 giant cockroaches (D:1)
  12 goblins
  8 hobgoblins
  A quokka (D:2)
  5 giant newts
  9 kobolds
  2 rats (D:1)
61 creatures vanquished.

Notes
Turn   | Place    | Note
--------------------------------------------------------------
     0 | D:1      | dohliylev the Vampire Assassin began the quest for the Orb.
     0 | D:1      | Reached XP level 1. HP: 16/16 MP: 1/1
    65 | D:1      | Reached skill level 6 in Stealth
   156 | D:1      | Reached XP level 2. HP: 15/22 MP: 2/2
   724 | D:1      | Reached skill level 7 in Stealth
   864 | D:2      | Reached XP level 3. HP: 22/27 MP: 3/3
   931 | D:2      | Found a basalt altar of Yredelemnul.
  1033 | D:2      | Found a faded altar to an unknown god.
  1035 | D:2      | Became a worshipper of Dithmenos the Shadowed
  1035 | D:2      | Reached * piety under Dithmenos
  1167 | D:2      | Found a bloodstained altar of Trog.
  1620 | D:3      | Reached skill level 8 in Stealth
  1620 | D:3      | Reached XP level 4. HP: 17/33 MP: 4/4
  1662 | D:3      | Reached XP level 5. HP: 18/38 MP: 5/5
  1731 | D:3      | Reached skill level 9 in Stealth
  1945 | D:3      | Reached ** piety under Dithmenos
  2277 | D:4      | Found a staircase to the Ecumenical Temple.
  2367 | D:4      | Slain by an iguana

Vault maps used:
D:1:      onia_arrival_mini_maze_b
D:2:      old_standard_altar, lemuel_round_altar, ecumenical_altar_1
D:4:      lemuel_crystal_altar, nicolae_overflow_crystal_walls,
          minmay_temple_entry_purple_smoke, first_bread, serial_shops, shop,
          uniq_crazy_yiuf_cottage

Skill      XL: |  1  2  3  4  5 |
---------------+----------------+-----
Stealth        | 6 7 8 9 |  9.4
Fighting       | 2 |  2.2
Dodging        | 2 |  2.1
Short Blades   | |  2.5
Throwing       | |  1.9

Action                   |  1- 3 |  4- 6 || total
-------------------------+-------+-------++-------
Melee: Dagger            |    89 |    75 ||   164
       Unarmed           |     1 |       ||     1
 Fire: Blowgun           |    10 |     9 ||    19
 Abil: End Transformatio |     1 |     1 ||     2
       Bat Form          |     1 |     1 ||     2
  Use: Potion            |       |     6 ||     6
 Stab: Sleeping          |    17 |     7 ||    24
